 Dungeon Crawl Stone Soup version 0.23.2 (webtiles) character file.

Game seed: 120217034112958649

185 sagitran the Skirmisher (level 5, -8/44 HPs)
             Began as a Human Wanderer on Mar 31, 2019.
             Killed by divine providence
             ... invoked by an orc priest
              (13 damage)
             ... on level 4 of the Dungeon.
             The game lasted 00:08:37 (2264 turns).

sagitran the Skirmisher (Human Wanderer)            Turns: 2264, Time: 00:08:37

Health: -8/44      AC:  5    Str: 14    XL:     5   Next: 96%
Magic:  5/5        EV: 10    Int: 10    God:
Gold:   107        SH:  0    Dex: 14    Spells: 4/4 levels left

rFire    . . .     SeeInvis .   a - +2 hand axe
rCold    . . .     Gourm    .   (no shield)
rNeg     . . .     Faith    .   c - +0 ring mail
rPois    .         Spirit   .   (no helmet)
rElec    .         Reflect  .   l - scarf {repulsion}
rCorr    .         Harm     .   (no gloves)
MR       +....                  (no boots)
Stlth    ++........             (no amulet)
HPRegen  0.14/turn              i - ring of protection from magic
MPRegen  0.09/turn              (no ring)

@: repel missiles
A: no striking features
a: no special abilities


You were on level 4 of the Dungeon.
You were not hungry.

You visited 1 branch of the dungeon, and saw 4 of its levels.

You collected 107 gold pieces.

Inventory:

Hand Weapons
 a - a +2 hand axe (weapon)
 d - a +0 dagger
 h - a +1 whip of electrocution
 w - a +0 battleaxe
Missiles
 p - 2 javelins (quivered)
Armour
 c - a +0 ring mail (worn)
 l - a scarf of repulsion (worn)
 n - a +0 shield
Jewellery
 i - a ring of protection from magic (left hand)
Scrolls
 b - 3 scrolls of teleportation
 g - a scroll of enchant armour {unknown}
 j - 2 scrolls of remove curse {unknown}
 o - 3 scrolls of fog {unknown}
 q - a scroll of enchant weapon {unknown}
 r - 2 scrolls of identify {unknown}
 s - a scroll of blinking {unknown}
 v - a scroll of amnesia {unknown}
Potions
 k - a potion of haste
 m - a potion of flight {unknown}
 u - 2 potions of might {unknown}
Comestibles
 f - 2 rations


   Skills:
 + Level 5.1 Fighting
 + Level 3.6 Axes
 + Level 0.1 Throwing
 + Level 2.0 Armour
 + Level 1.0 Dodging
 + Level 2.7 Stealth
   Level 1.0 Evocations


You had 4 spell levels left.
You didn't know any spells.
Your spell library was empty.

Dungeon Overview and Level Annotations

Branches:
Dungeon (4/15)
 Temple: D:4-7

Altars:
Cheibriados

Annotations:
D:3 Sigmund


Message History

You feel better.
The orc priest hits you with a +0 trident.
* * * LOW HITPOINT WARNING * * *
You hit the orc priest.
The orc priest is severely wounded.
The orc priest hits you but does no damage.
You barely miss the orc priest.
The orc priest is severely wounded.
The orc priest mumbles some strange prayers to Beogh against you.
Beogh smites you!
* * * LOW HITPOINT WARNING * * *
Okay, then.
You closely miss the orc priest.
The orc priest is severely wounded.
The orc priest hits you but does no damage.
You barely miss the orc priest.
The orc priest is severely wounded.
The orc priest mumbles some strange prayers to Beogh against you.
Beogh smites you!
You die...

......##..##..# ## #
###.....#.....# .# .##
......## #....###.. ...
.......####.......##.#
.....)).##...........# .
.....#....).........###..
.....##.#.....#..........
#.............##.[#......
#.......#.#.####@##......
........###.####o...#
.........##..#.##...#
o........###.......##
.........# #.....###
.........###o#o..#
.........o##.#..##
.........o.o.o..#
......?..o###...#


You could see an orc priest.

Vanquished Creatures
  An orc priest (D:4)
  An orc wizard (D:2)
  4 adders (D:2)
  An ooze (D:1)
  2 worms
  4 dart slugs
  2 leopard geckos (D:3)
  12 orcs
  10 bats
  A giant cockroach (D:2)
  2 goblins
  7 hobgoblins
  5 frilled lizards
  5 kobolds
  7 rats
64 creatures vanquished.

Notes
Turn   | Place    | Note
-------+----------+-------------------------------------------
     0 | D:1      | sagitran the Human Wanderer began the quest for the Orb.
     0 | D:1      | sagitran set off with the following items: a +2 hand axe, a
                  | scroll of teleportation, a +0 ring mail, a +0 dagger, a
                  | ration
     0 | D:1      | Reached XP level 1. HP: 19/19 MP: 1/1
    84 | D:1      | Reached XP level 2. HP: 18/26 MP: 2/2
   433 | D:1      | Reached XP level 3. HP: 31/31 MP: 3/3
   741 | D:2      | Reached XP level 4. HP: 26/38 MP: 4/4
  1459 | D:3      | Noticed Sigmund
  1540 | D:2      | Reached skill level 5 in Fighting
  1540 | D:2      | Reached XP level 5. HP: 8/44 MP: 5/5
  1986 | D:3      | Found a snail-covered altar of Cheibriados.
  2249 | D:4      | Reached skill level 1 in Dodging
  2264 | D:4      | Killed from afar by an orc priest

Skill      XL: |  1  2  3  4  5 |
---------------+----------------+-----
Axes           | 3 |  3.6
Fighting       | 5 |  5.1
Dodging        | 1 |  1.0
Armour         | 2 |  2.0
Throwing       | |  0.1
Stealth        | |  2.7
Evocations     | |  1.0

Action                   |  1- 3 |  4- 6 || total
-------------------------+-------+-------++-------
Melee: Hand axe          |    54 |   142 ||   196
       Battleaxe         |       |     6 ||     6
Throw: Javelin           |     1 |       ||     1
  Use: Potion            |       |     4 ||     4
 Stab: Sleeping          |     3 |     2 ||     5
  Eat: Ration            |       |     2 ||     2
Armor: Ring mail         |    26 |    56 ||    82
Dodge: Dodged            |    37 |    95 ||   132
       Deflected         |       |     1 ||     1
